 Dungeon Crawl Stone Soup version 0.16-a0-3212-g68818ff (webtiles) character file.

491 myeffort the Geomancer (level 6, -8/49 HPs)
             Began as a Deep Dwarf Earth Elementalist on Dec 19, 2014.
             Mangled by an ogre
             ... wielding a +0 giant spiked club
              (28 damage)
             ... while paralysed by Grinder
             ... on level 5 of the Dungeon.
             The game lasted 00:13:12 (3557 turns).

myeffort the Geomancer (DDEE)                       Turns: 3557, Time: 00:13:12

Health: -8/49      AC:  5    Str: 12    XL:     6   Next: 91%
Magic:  10/10      EV:  2    Int: 17    God:
Gold:   215        SH:  0    Dex: 13    Spells: 3 memorised, 3 levels left

rFire  . . .     SeeInvis .     b - 94 stones
rCold  . . .     Clarity  .     q - +2 leather armour of an ossuary {rPois Curse}
rNeg   . . .     SustAb   .     (no shield)
rPois  +         Gourm    .     (no helmet)
rElec  .         Spirit   .     (no cloak)
rCorr  .         Warding  .     (no gloves)
rMut   .         Stasis   .     (no boots)
MR     .....                    (no amulet)
Stlth  ++........               (no ring)
                                (no ring)

@: paralysed, non-regenerating, not resistant to hostile enchantments,
unstealthy
A: damage resistance, recharge devices, sense surroundings 1, slow healing 3
a: Device Recharging


You were on level 5 of the Dungeon.
You were not hungry.

You visited 1 branch of the dungeon, and saw 5 of its levels.

You collected 215 gold pieces.

Inventory:

Missiles
 b - 94 stones (in hand)
Armour
 c - a +0 robe
 q - the +2 leather armour of an ossuary (worn) {rPois Curse}
   (You found it on level 4 of the Dungeon)

   It protects you from poison.
   It may recurse itself when equipped.
Magical devices
 a - a wand of heal wounds (3)
Scrolls
 e - 3 scrolls of remove curse
 g - 2 scrolls of enchant armour {unknown}
 h - 6 scrolls of identify {unknown}
 l - a scroll of fear {unknown}
 m - a scroll of immolation {unknown}
 s - a scroll of teleportation {unknown}
 t - a scroll of amnesia {unknown}
Potions
 k - 2 potions of curing
 p - a potion of poison {unknown}
 r - a potion of resistance {unknown}
Books
 d - a book of Geomancy

   Spells                             Type                      Level
   a - Sandblast                      Earth                        1
   b - Stoneskin                      Transmutation/Earth          2
   c - Passwall                       Transmutation/Earth          3
   d - Stone Arrow                    Conjuration/Earth            3
   e - Petrify                        Transmutation/Earth          4
   f - Lee's Rapid Deconstruction     Earth                        5
Comestibles
 f - 3 bread rations
 i - 3 chunks of flesh
 j - 2 slices of pizza
 n - 2 fruits
 o - 2 beef jerkies


   Skills:
 - Level 2.1 Dodging
 - Level 2.4 Stealth
 - Level 2.0 Spellcasting
 - Level 0.8 Transmutations
 + Level 10.1 Earth Magic


You had 3 spell levels left.
You knew the following spells:

 Your Spells              Type           Power        Failure   Level  Hunger
a - Sandblast             Erth           #####.       1%          1    #......
b - Stoneskin             Trmt/Erth      ###.....     2%          2    ###....
c - Stone Arrow           Conj/Erth      ###...       10%         3    ###....


Dungeon Overview and Level Annotations

Branches:
Dungeon (5/15)
 Temple: D:4-7

Altars:
Cheibriados
Elyvilon
Okawaru
Ru
Sif Muna
Zin

Annotations:
D:5 Grinder


Innate Abilities, Weirdness & Mutations

You are resistant to damage.
You can recharge devices by infusing magical energy.
You passively map a small area around you.
You do not heal naturally.


Message History

You climb downwards.
A hobgoblin, an orc priest, an ogre, a crimson imp and Grinder come into view.
Grinder shouts!
The ogre shouts!
The crimson imp shouts!
Found a scroll labeled FAEK TAELON and a hand axe.
There is a stone staircase leading up here.
Casting: Sandblast
Confirm with . or Enter, or press ? or * to list all spells.
Aiming: Sandblast
Press: ? - help, Shift-Dir - straight line, f - Grinder
Aim: Grinder
Okay, then.
The hobgoblin shouts!
The orc priest shouts!
Grinder gestures at you.
You suddenly lose the ability to move!
Grinder hits you.
You writhe in agony.
Grinder gestures at you.
You barely resist.
The ogre hits you with a giant spiked club!!
Ouch! That really hurt!
You die...

*, * , # * # .
, .# .# * , *
.####.
*.#####...., **
#..).....# * ,,
#.....5.######
*
#...gO@......#
,
#............?#
.......5.......
, *
##...♣♣SP.P.P..
, , , #..P
♣o..♣♣... #.o*
♣...♣ . * . ,


oo... , ..⌠... * ... You could see Grinder, an ogre, an orc priest, an orc
wizard (wandering), a crimson imp, an adder, 2 orcs and a hobgoblin.

Vanquished Creatures
  An ogre (D:4)
  Sigmund (D:3)
  A hound (D:4)
  A crimson imp (D:3)
  An orc priest (D:4)
  Crazy Yiuf (D:3)
  A worker ant (D:4)
  Ijyb (D:2)
  Jessica (D:2)
  3 adders
  A giant mite (D:1)
  4 worms
  An adder skeleton (D:4)
  3 oozes
  10 orcs
  A ball python (D:3)
  7 bats
  8 goblins
  8 hobgoblins
  10 jackals
  6 kobolds
  A quokka (D:2)
  3 giant cockroaches
  4 giant geckos
  4 giant newts
  5 rats
88 creatures vanquished.

Notes
Turn   | Place    | Note
--------------------------------------------------------------
     0 | D:1      | myeffort, the Deep Dwarf Earth Elementalist, began the quest for the Orb.
     0 | D:1      | Reached XP level 1. HP: 15/15 MP: 2/2
   294 | D:1      | Reached XP level 2. HP: 20/22 MP: 2/4
   442 | D:1      | Reached skill level 5 in Earth Magic
   798 | D:1      | Reached XP level 3. HP: 22/28 MP: 3/6
   869 | D:2      | Noticed Ijyb
   915 | D:2      | Noticed Jessica
   920 | D:2      | Killed Jessica
   920 | D:2      | Reached skill level 6 in Earth Magic
   961 | D:2      | Found a glowing silver altar of Zin.
   962 | D:2      | Found a snail-covered altar of Cheibriados.
  1001 | D:2      | Reached XP level 4. HP: 28/36 MP: 3/7
  1201 | D:2      | Killed Ijyb
  1211 | D:2      | Learned a level 2 spell: Stoneskin
  1215 | D:2      | Learned a level 3 spell: Stone Arrow
  1498 | D:3      | Reached skill level 7 in Earth Magic
  1564 | D:3      | Reached XP level 5. HP: 30/42 MP: 2/9
  1622 | D:3      | Noticed Sigmund
  1967 | D:3      | Killed Sigmund
  1967 | D:3      | Reached skill level 8 in Earth Magic
  2310 | D:3      | Noticed Crazy Yiuf
  2316 | D:3      | Killed Crazy Yiuf
  2316 | D:3      | Reached XP level 6. HP: 16/49 MP: 6/10
  2381 | D:4      | Reached skill level 9 in Earth Magic
  2617 | D:4      | Found an iron altar of Okawaru.
  2679 | D:4      | Found a sacrificial altar of Ru.
  2683 | D:4      | Found a deep blue altar of Sif Muna.
  2686 | D:4      | Got a crude leather armour
  2697 | D:4      | Identified the +2 leather armour of an ossuary {rPois Curse} (You found it on level 4 of the Dungeon)
  2699 | D:4      | Found a white marble altar of Elyvilon.
  3078 | D:4      | Reached skill level 10 in Earth Magic
  3553 | D:5      | Entered Level 5 of the Dungeon
  3553 | D:5      | Noticed Grinder
  3554 | D:5      | Paralysed by Grinder for 7 turns
  3557 | D:5      | Mangled by an ogre

Action                   |  1- 3 |  4- 6 || total
-------------------------+-------+-------++-------
Melee: Unarmed           |     1 |       ||     1
       Scythe            |       |     9 ||     9
Throw: Stone             |     1 |     1 ||     2
 Cast: Sandblast         |    55 |   150 ||   205
Evoke: Wand              |       |     2 ||     2
  Use: Potion            |       |     4 ||     4
       Scroll            |       |     1 ||     1
  Eat: Chunk             |     1 |    10 ||    11
